 Dungeon Crawl Stone Soup version 0.21.1-1-g345015f (webtiles) character file.

410 tidbits the Grave Robber (level 6, 0/44 HPs)
             Began as a Gnoll Necromancer on June 29, 2018.
             Succumbed to a hornet's poison
             ... on level 7 of the Dungeon.
             The game lasted 00:06:13 (572 turns).

tidbits the Grave Robber (Gnoll Necromancer)         Turns: 572, Time: 00:06:14

Health: 0/44       AC:  3    Str: 11    XL:     6   Next: 89%
Magic:  2/15       EV: 15    Int: 19    God:
Gold:   86         SH:  0    Dex: 15    Spells: 7/15 levels left

rFire    . . .     SeeInvis .   e - +0 dagger
rCold    . . .     Gourm    .   (no shield)
rNeg     . . .     Faith    .   a - +0 robe
rPois    +         Spirit   .   E - +0 helmet
rElec    .         Reflect  .   (no cloak)
rCorr    .         Harm     .   (no gloves)
MR       .....                  (no boots)
Stlth    +++.......             (no amulet)
HPRegen  0.14/turn              o - ring of poison resistance
MPRegen  0.14/turn              (no ring)

@: lethally poisoned (0 -> -5), berserk cooldown, very slightly contaminated,
slowed, invisible (expiring), very slow
A: distributed training, fangs 1, talons 1, blurry vision 1, high mp 1, mutation
resistance 1, strong nose
a: no special abilities


You were on level 7 of the Dungeon.
You were not hungry.

You visited 1 branch of the dungeon, and saw 8 of its levels.

You collected 86 gold pieces.

Inventory:

Hand Weapons
 e - a +0 dagger (weapon)
 h - a +0 club
Armour
 a - a +0 robe (worn)
 g - a +1 shield of fire resistance
   (You found it on level 1 of the Dungeon)
 E - a +0 helmet (worn)
Jewellery
 o - a ring of poison resistance (left hand)
   (You found it on level 4 of the Dungeon)
Scrolls
 d - a scroll of blinking {unknown}
 i - 2 scrolls of noise {unknown}
 j - a scroll of teleportation {unknown}
 l - a scroll of enchant weapon {unknown}
 m - a scroll of amnesia {unknown}
 n - a scroll of remove curse {unknown}
 p - a scroll of immolation {unknown}
 r - a scroll of identify {unknown}
 s - a scroll of random uselessness {unknown}
Potions
 f - a potion of berserk rage
 q - a potion of flight {unknown}
Books
 b - a book of Necromancy

   Spells                             Type                      Level
   a - Pain                           Necromancy                   1
   b - Animate Skeleton               Necromancy                   1
   c - Vampiric Draining              Necromancy                   3
   d - Regeneration                   Charms/Necromancy            3
   e - Animate Dead                   Necromancy                   4
   f - Borgnjor's Vile Clutch         Necromancy/Earth             5
Comestibles
 c - 4 rations


   Skills:
 + Level 2.1 Fighting
 + Level 2.1 Short Blades
 + Level 2.1 Long Blades
 + Level 2.1 Axes
 + Level 2.1 Maces & Flails
 + Level 2.1 Polearms
 + Level 2.1 Staves
 + Level 2.1 Slings
 + Level 2.1 Bows
 + Level 2.1 Crossbows
 + Level 2.1 Throwing
 + Level 2.1 Armour
 + Level 5.0 Dodging
 + Level 4.7 Stealth
 + Level 2.1 Shields
 + Level 2.1 Unarmed Combat
 + Level 5.4 Spellcasting
 + Level 1.6 Conjurations
 + Level 1.6 Hexes
 + Level 1.6 Charms
 + Level 1.6 Summonings
 + Level 7.3 Necromancy
 + Level 1.6 Translocations
 + Level 1.6 Transmutations
 + Level 1.6 Fire Magic
 + Level 1.6 Ice Magic
 + Level 1.6 Air Magic
 + Level 1.6 Earth Magic
 + Level 1.6 Poison Magic
 + Level 2.3 Invocations
 + Level 2.1 Evocations


You had 7 spell levels left.
You knew the following spells:

 Your Spells              Type           Power        Failure   Level  Hunger
a - Pain                  Necr           ####         1%          1    None
d - Vampiric Draining     Necr           ####......   1%          3    ##.....
n - Animate Skeleton      Necr           N/A          1%          1    None
r - Regeneration          Chrm/Necr      ###.......   5%          3    ##.....


Dungeon Overview and Level Annotations

Branches:
Dungeon (8/15)
 Temple: D:4-7         Lair: D:8-11

Altars:


Innate Abilities, Weirdness & Mutations

Your experience applies equally to all skills.
You have very sharp teeth.
Your uncanny sense of smell can sniff out nearby items.
You have sharp toenails.
Scrolls take you a little longer to read.
You have an increased reservoir of magic. (+10% MP)
You are somewhat resistant to further mutation.


Message History

Aiming: Pain
Press: ? - help, Shift-Dir - straight line, f/p - hornet
Aim: a hornet (heavily wounded, hasn't noticed you, chance to defeat MR: 78%)
The hornet writhes in agony!
The jelly barely misses you.
Casting: Pain
Confirm with . or Enter, or press ? or * to list all spells.
Aiming: Pain
Press: ? - help, Shift-Dir - straight line, f - jelly, p - hornet
Aim: a jelly (chance to defeat MR: 89%)
The jelly writhes in agony!
The jelly misses you.
Casting: Pain
Confirm with . or Enter, or press ? or * to list all spells.
Aiming: Pain
Press: ? - help, Shift-Dir - straight line, f/p - jelly
Aim: a jelly (lightly wounded, chance to defeat MR: 89%)
The jelly barely resists.
The jelly hits you.
You are splashed with acid!
The acid burns!
* * * LOW HITPOINT WARNING * * *
Casting: Pain
Confirm with . or Enter, or press ? or * to list all spells.
Aiming: Pain
Press: ? - help, Shift-Dir - straight line, f/p - jelly
Aim: a jelly (lightly wounded, chance to defeat MR: 89%)
The jelly writhes in agony!
The jelly barely misses you.
Casting: Pain
Confirm with . or Enter, or press ? or * to list all spells.
Aiming: Vampiric Draining
Press: ? - help, Shift-Dir - straight line, f/p - jelly
Aim: a jelly (lightly wounded)
You miscast Vampiric Draining.
You smell decay.
The jelly barely misses you.
It was a potion of berserk rage.
A red film seems to cover your vision as you go berserk!
You feel yourself moving faster!
You feel mighty!
The hornet buzzes angrily.
The jelly misses you.
You hit the jelly.
Your hands burn!
* * * LOW HITPOINT WARNING * * *
You claw the jelly!
The jelly is almost dead.
The hornet buzzes angrily.
You miss the hornet. Your kick misses the hornet. Your bite misses the hornet.
The hornet is heavily wounded.
The jelly hits you.
* * * LOW HITPOINT WARNING * * *
You are splashed with acid!
The acid burns!
* * * LOW HITPOINT WARNING * * *
The hornet stings you!
* * * LOW HITPOINT WARNING * * *
You are lethally poisoned!
You hit the hornet.
The hornet is heavily wounded.
* * * LOW HITPOINT WARNING * * *
You feel sick. The hornet misses you.
You hit the hornet but do no damage.
The hornet is heavily wounded.
* * * LOW HITPOINT WARNING * * *
You feel sick. The jelly completely misses you. The hornet barely misses you.
You barely miss the hornet.
The hornet is heavily wounded.
The jelly hits you but does no damage. The hornet misses you.
You puncture the hornet!
The hornet is severely wounded.
You puncture the hornet!
You kill the hornet!
Your Fighting skill increases to level 2!
Your Short Blades skill increases to level 2!
Your Long Blades skill increases to level 2!
Your Axes skill increases to level 2!
Your Maces & Flails skill increases to level 2!
Your Polearms skill increases to level 2!
Your Staves skill increases to level 2!
Your Slings skill increases to level 2!
Your Bows skill increases to level 2!
Your Crossbows skill increases to level 2!
Your Throwing skill increases to level 2!
Your Armour skill increases to level 2!
Your Dodging skill increases to level 5!
Your Shields skill increases to level 2!
Your Unarmed Combat skill increases to level 2!
Your Invocations skill increases to level 2!
Your Evocations skill increases to level 2!
You have reached level 6!
Your experience leads to an increase in your attributes!
Your base attributes are Str 11, Int 18, Dex 15.
Increase (S)trength, (I)ntelligence, or (D)exterity?
You feel clever.
You flicker for a moment.
* * * LOW HITPOINT WARNING * * *
You feel sick. The jelly misses you.
You puncture the jelly!
You kill the jelly!
You are too berserk!
Unknown command.
* * * LOW HITPOINT WARNING * * *
You feel sick.
You feel a strong urge to attack something.
You are no longer berserk.
You are exhausted.
You feel yourself slow down.
You die...

..# #? #.#. ... ....##..
## ####...#.#
..####........######
..##..#........?..##
.###....#.............##
................@......#
........................
....<...................
..............†........#
.#.....................#
.......>..............##
........##.....#.....##
...................###
.....................


There were no monsters in sight!

Vanquished Creatures
  A hornet (D:7)
  An ogre (D:5)
  A jelly (D:7)
  Jessica (D:2)
  Robin (D:2)
  4 adders
  2 worms
  A dart slug (D:2)
  2 leopard geckos
  A giant cockroach (D:1)
  7 goblins
  A hobgoblin (D:1)
  2 kobolds (D:1)
  3 frilled lizards
  4 rats
32 creatures vanquished.

Vanquished Creatures (others)
  A goblin (D:2)
1 creature vanquished.

Grand Total: 33 creatures vanquished

Notes
Turn   | Place    | Note
-------+----------+-------------------------------------------
     0 | D:1      | tidbits the Gnoll Necromancer began the quest for the Orb.
     0 | D:1      | Reached XP level 1. HP: 13/13 MP: 6/6
    41 | D:1      | Reached XP level 2. HP: 12/19 MP: 1/7
   196 | D:2      | Noticed Robin
   208 | D:2      | Killed Robin
   208 | D:2      | HP: 1/20 [goblin/sling bullet[Robin] (7)]
   209 | D:2      | Gained mutation: Armour fits poorly on your strangely shaped body. [potion of mutation]
   209 | D:2      | Gained mutation: Your body sometimes deteriorates upon taking damage. [potion of mutation]
   209 | D:2      | Gained mutation: You have an increased reservoir of magic. (+10% MP) [potion of mutation]
   223 | D:2      | Reached XP level 3. HP: 23/25 MP: 10/10
   251 | D:2      | Noticed Jessica
   257 | D:2      | Killed Jessica
   257 | D:2      | Reached skill level 5 in Spellcasting
   257 | D:2      | Reached skill level 1 in Invocations
   278 | D:2      | Reached skill level 1 in Fighting
   278 | D:2      | Reached skill level 1 in Short Blades
   278 | D:2      | Reached skill level 1 in Long Blades
   278 | D:2      | Reached skill level 1 in Axes
   278 | D:2      | Reached skill level 1 in Maces & Flails
   278 | D:2      | Reached skill level 1 in Polearms
   278 | D:2      | Reached skill level 1 in Staves
   278 | D:2      | Reached skill level 1 in Slings
   278 | D:2      | Reached skill level 1 in Bows
   278 | D:2      | Reached skill level 1 in Crossbows
   278 | D:2      | Reached skill level 1 in Throwing
   278 | D:2      | Reached skill level 1 in Armour
   278 | D:2      | Reached skill level 1 in Shields
   278 | D:2      | Reached skill level 1 in Unarmed Combat
   278 | D:2      | Reached skill level 1 in Evocations
   295 | D:3      | Reached XP level 4. HP: 30/32 MP: 8/12
   298 | D:3      | Learned a level 1 spell: Animate Skeleton
   302 | D:3      | Learned a level 3 spell: Regeneration
   306 | D:3      | Learned a level 3 spell: Vampiric Draining
   378 | D:4      | Lost mutation: Armour fits poorly on your strangely shaped body. [potion of mutation]
   378 | D:4      | Lost mutation: Your body sometimes deteriorates upon taking damage. [potion of mutation]
   378 | D:4      | Gained mutation: Scrolls take you a little longer to read. [potion of mutation]
   378 | D:4      | Gained mutation: You have sharp toenails. [potion of mutation]
   378 | D:4      | Gained mutation: You are somewhat resistant to further mutation. [potion of mutation]
   393 | D:5      | Entered Level 5 of the Dungeon
   393 | D:5      | Noticed an ogre
   400 | D:5      | Killed an ogre
   400 | D:5      | Reached skill level 1 in Conjurations
   400 | D:5      | Reached skill level 1 in Hexes
   400 | D:5      | Reached skill level 1 in Charms
   400 | D:5      | Reached skill level 1 in Summonings
   400 | D:5      | Reached skill level 1 in Translocations
   400 | D:5      | Reached skill level 1 in Transmutations
   400 | D:5      | Reached skill level 1 in Fire Magic
   400 | D:5      | Reached skill level 1 in Ice Magic
   400 | D:5      | Reached skill level 1 in Air Magic
   400 | D:5      | Reached skill level 1 in Earth Magic
   400 | D:5      | Reached skill level 1 in Poison Magic
   400 | D:5      | Reached XP level 5. HP: 31/37 MP: 6/13
   532 | D:8      | Noticed a centaur
   533 | D:8      | Noticed a phantom
   548 | D:7      | Noticed a hornet
   563 | D:7      | HP: 3/55 [hornet (8)]
   568 | D:7      | Killed a hornet
   568 | D:7      | Reached skill level 2 in Fighting
   568 | D:7      | Reached skill level 2 in Short Blades
   568 | D:7      | Reached skill level 2 in Long Blades
   568 | D:7      | Reached skill level 2 in Axes
   568 | D:7      | Reached skill level 2 in Maces & Flails
   568 | D:7      | Reached skill level 2 in Polearms
   568 | D:7      | Reached skill level 2 in Staves
   568 | D:7      | Reached skill level 2 in Slings
   568 | D:7      | Reached skill level 2 in Bows
   568 | D:7      | Reached skill level 2 in Crossbows
   568 | D:7      | Reached skill level 2 in Throwing
   568 | D:7      | Reached skill level 2 in Armour
   568 | D:7      | Reached skill level 5 in Dodging
   568 | D:7      | Reached skill level 2 in Shields
   568 | D:7      | Reached skill level 2 in Unarmed Combat
   568 | D:7      | Reached skill level 2 in Invocations
   568 | D:7      | Reached skill level 2 in Evocations
   568 | D:7      | Reached XP level 6. HP: 2/44 MP: 2/15
   568 | D:7      | HP: 1/66 [poisoned by a hornet]
   572 | D:7      | Succumbed to a hornet's poison

Skill      XL: |  1  2  3  4  5 |
---------------+----------------+-----
Spellcasting   | 5 |  5.4
Invocations    | 1 2 |  2.3
Fighting       | 1 2 |  2.1
Short Blades   | 1 2 |  2.1
Long Blades    | 1 2 |  2.1
Axes           | 1 2 |  2.1
Maces & Flails | 1 2 |  2.1
Polearms       | 1 2 |  2.1
Staves         | 1 2 |  2.1
Slings         | 1 2 |  2.1
Bows           | 1 2 |  2.1
Crossbows      | 1 2 |  2.1
Throwing       | 1 2 |  2.1
Armour         | 1 2 |  2.1
Shields        | 1 2 |  2.1
Unarmed Combat | 1 2 |  2.1
Evocations     | 1 2 |  2.1
Conjurations   | 1 |  1.6
Hexes          | 1 |  1.6
Charms         | 1 |  1.6
Summonings     | 1 |  1.6
Translocations | 1 |  1.6
Transmutations | 1 |  1.6
Fire Magic     | 1 |  1.6
Ice Magic      | 1 |  1.6
Air Magic      | 1 |  1.6
Earth Magic    | 1 |  1.6
Poison Magic   | 1 |  1.6
Dodging        | 5 |  5.0
Stealth        | |  4.7
Necromancy     | |  7.3

Action                   |  1- 3 |  4- 6 || total
-------------------------+-------+-------++-------
Melee: Dagger            |    21 |    11 ||    32
       Bite              |     1 |       ||     1
       Kick              |       |     2 ||     2
 Cast: Pain              |    20 |    27 ||    47
       Animate Skeleton  |       |     1 ||     1
  Use: Potion            |     3 |     3 ||     6
 Stab: Invisible         |     5 |       ||     5
       Sleeping          |     2 |     1 ||     3
Armor: Robe              |       |     2 ||     2
Dodge: Dodged            |    18 |    16 ||    34

Table legend:
 A = Turns spent in this place as a percentage of turns spent in the entire game.
 B = Non-inter-level travel turns spent in this place as a percentage of non-inter-level travel turns spent in the entire game.
 C = Inter-level travel turns spent in this place as a percentage of turns spent in this place.
 D = Turns resting spent in this place as a percentage of non-inter-level travel turns spent in this place.
 E = Turns spent auto-exploring this place as a percentage of non-inter-level travel turns spent in this place.
 F = Non-inter-level travel turns spent in this place divided by the number of levels of this place that you've seen.
                   A       B       C       D       E      F
               +-------+-------+-------+-------+-------+----------------------
         Total | 100.0 | 100.0 |   0.0 |   0.0 |   0.0 |  71.5
       Dungeon | 100.0 | 100.0 |   0.0 |   0.0 |   0.0 |  71.5
               +-------+-------+-------+-------+-------+----------------------

Table legend:
 A = Kills in this place as a percentage of kills in entire the game.
 B = Kills by you in this place as a percentage of kills by you in the entire game.
 C = Kills by friends in this place as a percentage of kills by friends in the entire game.
 D = Other kills in this place as a percentage of other kills in the entire game.
 E = Experience gained in this place as a percentage of experience gained in the entire game.
 F = Experience gained in this place divided by the number of levels of this place that you have seen.
                   A       B       C       D       E      F
               +-------+-------+-------+-------+-------+----------------------
         Total | 100.0 | 100.0 |   N/A |   N/A | 100.0 |  73.2
       Dungeon | 100.0 | 100.0 |   N/A |   N/A | 100.0 |  73.2
               +-------+-------+-------+-------+-------+----------------------

Vault maps used:
D:1:      ncdulo_lavacross
D:2:      uniq_jessica, uniq_robin, uniq_terence
D:4:      nicolae_dithmenos_through_a_glass_darkly,
          minmay_temple_entry_glassed_door, serial_shops, nicolae_shop_trees,
          nicolae_qazlal_style_of_elements, uniq_sigmund
D:5:      lemuel_round_altar, first_ration, lightli_sewer_entry_pipes
D:6:      gammafunk_temple_overflow_arena, nicolae_ru_awakened_eye,
          marbit_many_paths, chequers_temple_overflow_statue_of_worship,
          serial_shops, shop
D:7:      elyvilon_altar_1, makhleb_grotto_becter, uniq_duvessa
D:8:      tso_metal_star, lemuel_crystal_altar, grunt_livestock, minivault_5,
          okawaru_humans
